 Dungeon Crawl Stone Soup version 0.26.1-2-gb8aa6d0cf2 (webtiles) character file.

Game seed: 13763410278379064131

816010 Delamore the Slayer (level 27, -2/173 HPs)
             Began as a Gargoyle Fighter on Feb 9, 2021.
             Was the Champion of Zin.
             Killed from afar by a Brimstone Fiend (48 damage)
             ... with damnation
             ... in Pandemonium.
             The game lasted 02:12:14 (89338 turns).

Delamore the Slayer (Gargoyle Fighter)             Turns: 89338, Time: 02:12:15

Health: -2/173     AC: 50    Str: 27    XL:     27
Magic:  33/33      EV: 15    Int: 18    God:    Zin [******]
Gold:   3934       SH: 28    Dex: 12    Spells: 26/26 levels left

rFire    + + +     SeeInvis +   J - +6 morningstar (freeze)
rCold    + + +     Faith    .   n - +2 shield of Resistance {rF++ rC++ Will++}
rNeg     + . .     Spirit   .   W - +7 plate armour of the Lich-sworn {rPois Regen+ Stlth-}
rPois    ∞         Reflect  +   U - +2 hood of the Assassin {Detection Stab+ Stlth++}
rElec    +         Harm     .   j - scarf {shadows}
rCorr    +         Rampage  +   x - +2 pair of gloves
Will     ++++.     Clarity  +   q - +0 pair of boots {rampage} Stlth ..........Rnd*Tele +
                                t - amulet of reflection
HPRegen  0.78/turn              M - ring of the Octopus King {rCorr AC+1 EV+1 Str+1 Int+1 Dex+1}
MPRegen  0.23/turn              C - ring of the Failed Coup {rF+ rC+ Int+3 SInv}

@: no status effects
A: big wings, claws 1, horns 1, large bone plates 1, thin skeletal structure 1,
clarity, deformed body, frail 1, low mp 1, negative energy resistance 1,
electricity resistance, teleportitis 1, weak 1, unbreathing, evolution 1,
petrification resistance, no potion heal 1, miasma immunity, subdued magic 1,
MP-powered wands, AC +20
}: 4/15 runes: decaying, serpentine, slimy, silver
a: Fly, Renounce Religion, Recite, Vitalisation, Imprison, Sanctuary, Donate
Gold


You were in Pandemonium.
You worshipped Zin.
Zin was exalted by your worship.
You visited 13 branches of the dungeon, and saw 59 of its levels.
You visited Pandemonium 1 time, and saw 1 of its levels.
You visited the Abyss 6 times.
You visited 1 bazaar.
You also visited: Ossuary, Bailey and Volcano.

You collected 14169 gold pieces.
You spent 10000 gold pieces at shops.
You donated 235 gold pieces to Zin.

Inventory:

Hand Weapons
 A - a +9 vampiric eveningstar
 J - a +6 morningstar of freezing (weapon)
Missiles
 Q - 51 javelins
 Z - 46 silver javelins (quivered)
Armour
 j - a scarf of shadows (worn)
 n - the +2 shield of Resistance (worn) {rF++ rC++ Will++}
   (You bought it in a shop on level 5 of the Dungeon)

   It greatly protects you from fire.
   It greatly protects you from cold.
   It affects your willpower, your defense against some magical effects.
 q - a +0 pair of boots of rampaging (worn)
 x - a +2 pair of gloves (worn)
 U - the +2 hood of the Assassin (worn) {Detection Stab+ Stlth++}
   (You bought it in a shop on level 5 of the Vaults)

   It makes you much more stealthy.
 W - the +7 plate armour of the Lich-sworn (worn) {rPois Regen+ Stlth-}
   (You found it on level 3 of the Swamp)

   It protects you from poison.
   It increases your rate of regeneration.
   It makes you less stealthy.
Jewellery
 t - an amulet of reflection (around neck)
 C - the ring of the Failed Coup (right hand) {rF+ rC+ Int+3 SInv}
   (You bought it in a shop on level 2 of the Snake Pit)

   [ring of protection from cold]

   It affects your intelligence (+3).
   It protects you from fire.
   It protects you from cold.
   It lets you see invisible.
 G - the cursed ring "Ekhlaad" {Will++ Str-4}
   (You found it on level 3 of the Elven Halls)

   [ring of strength]

   It affects your strength (-4).
   It affects your willpower, your defense against some magical effects.
   It has a curse placed upon it.
 M - a ring of the Octopus King (left hand) {rCorr AC+1 EV+1 Str+1 Int+1 Dex+1}
   (You found it on level 3 of the Swamp)

   [ring of resist corrosion]

   It affects your AC (+1).
   It affects your evasion (+1).
   It affects your strength (+1).
   It affects your intelligence (+1).
   It affects your dexterity (+1).
   It provides partial protection from all sources of acid and corrosion.
Wands
 c - a wand of iceblast (29)
 E - a wand of acid (28)
 K - a wand of digging (8)
 L - a wand of flame (128)
 O - a wand of disintegration (90)
Scrolls
 a - 3 scrolls of silence
 g - 16 scrolls of identify
 i - 22 scrolls of immolation
 l - 28 scrolls of remove curse
 o - 6 scrolls of fear
 p - 14 scrolls of teleportation
 r - 7 scrolls of blinking
 s - 15 scrolls of fog
 y - 15 scrolls of enchant armour
 D - 2 scrolls of amnesia
 H - 13 scrolls of magic mapping
 I - 4 scrolls of summoning
 T - 2 scrolls of holy word
 V - 4 scrolls of brand weapon
Potions
 b - 2 potions of cancellation
 d - 10 potions of might
 f - 2 potions of magic
 h - 18 potions of curing
 k - 4 potions of invisibility
 v - 9 potions of berserk rage
 w - 3 potions of heal wounds
 P - 9 potions of resistance
 S - 4 potions of ambrosia
 Y - 7 potions of haste
Miscellaneous
 m - a condenser vane
 B - a tin of tremorstones (2/2)
 X - a phantom mirror


   Skills:
 - Level 25.0 Fighting
 - Level 25.0 Maces & Flails
 + Level 20.8 Throwing
 - Level 20.0 Armour
 + Level 11.9 Dodging
 + Level 21.2 Shields
 + Level 21.2 Invocations
 + Level 19.5 Evocations


You had 26 spell levels left.
You didn't know any spells.
Your spell library contained the following spells:

 Spells                   Type           Power        Failure   Level
 Animate Skeleton         Necr           0%           67%         1
 Apportation              Tloc           0%           67%         1
 Beastly Appendage        Tmut           0%           67%         1
 Corona                   Hex            0%           67%         1
 Foxfire                  Conj/Fire      0%           67%         1
 Freeze                   Ice            0%           67%         1
 Magic Dart               Conj           0%           67%         1
 Sandblast                Erth           0%           67%         1
 Shock                    Conj/Air       0%           67%         1
 Sting                    Tmut/Pois      0%           67%         1
 Summon Small Mammal      Summ           0%           67%         1
 Blink                    Tloc           N/A          80%         2
 Corpse Rot               Necr/Air       N/A          80%         2
 Ensorcelled Hibernation  Hex/Ice        0%           80%         2
 Passwall                 Tmut/Erth      0%           80%         2
 Poisonous Vapours        Pois/Air       0%           80%         2
 Searing Ray              Conj           0%           80%         2
 Slow                     Hex            0%           80%         2
 Swiftness                Air            0%           80%         2
 Wereblood                Tmut           0%           80%         2
 Conjure Flame            Conj/Fire      0%           96%         3
 Dazzling Flash           Conj/Hex       0%           96%         3
 Frozen Ramparts          Ice            0%           96%         3
 Gell's Gravitas          Tloc           0%           96%         3
 Ignite Poison            Fire/Tmut/Pois 0%           96%         3
 Inner Flame              Hex/Fire       0%           96%         3
 Lesser Beckoning         Tloc           0%           96%         3
 Mephitic Cloud           Conj/Pois/Air  0%           96%         3
 Ozocubu's Armour         Ice            0%           96%         3
 Portal Projectile        Hex/Tloc       0%           96%         3
 Spider Form              Tmut/Pois      0%           96%         3
 Static Discharge         Conj/Air       0%           96%         3
 Stone Arrow              Conj/Erth      0%           96%         3
 Teleport Other           Tloc           0%           96%         3
 Vampiric Draining        Necr           0%           96%         3
 Airstrike                Air            0%           100%        4
 Animate Dead             Necr           0%           100%        4
 Cause Fear               Hex            0%           100%        4
 Dispel Undead            Necr           0%           100%        4
 Fulminant Prism          Conj/Hex       0%           100%        4
 Hailstorm                Conj/Ice       0%           100%        4
 Ice Form                 Ice/Tmut       0%           100%        4
 Iskenderun's Mystic Bla  Conj/Tloc      0%           100%        4
 Leda's Liquefaction      Hex/Erth       0%           100%        4
 Olgreb's Toxic Radiance  Pois           0%           100%        4
 Passage of Golubria      Tloc           N/A          100%        4
 Petrify                  Tmut/Erth      0%           100%        4
 Summon Ice Beast         Ice/Summ       0%           100%        4
 Summon Lightning Spire   Summ/Air       0%           100%        4
 Agony                    Necr           0%           100%        5
 Blade Hands              Tmut           0%           100%        5
 Bolt of Magma            Conj/Fire/Erth 0%           100%        5
 Borgnjor's Vile Clutch   Necr/Erth      0%           100%        5
 Excruciating Wounds      Necr           0%           100%        5
 Iskenderun's Battlesphe  Conj           0%           100%        5
 Lee's Rapid Deconstruct  Erth           0%           100%        5
 Lightning Bolt           Conj/Air       0%           100%        5
 Silence                  Hex/Air        0%           100%        5
 Summon Forest            Summ/Tloc      0%           100%        5
 Yara's Violent Unravell  Hex/Tmut       0%           100%        5
 Conjure Ball Lightning   Conj/Air       0%           100%        6
 Death Channel            Necr           0%           100%        6
 Dispersal                Tloc           0%           100%        6
 Eringya's Noxious Bog    Tmut/Pois      0%           100%        6
 Freezing Cloud           Conj/Ice/Air   0%           100%        6
 Hydra Form               Tmut           0%           100%        6
 Invisibility             Hex            0%           100%        6
 Iron Shot                Conj/Erth      0%           100%        6
 Simulacrum               Ice/Necr       0%           100%        6
 Starburst                Conj/Fire      0%           100%        6
 Dragon Form              Tmut           0%           100%        7
 Malign Gateway           Summ/Tloc      0%           100%        7
 Monstrous Menagerie      Summ           0%           100%        7
 Orb of Destruction       Conj           0%           100%        7
 Spellforged Servitor     Conj/Summ      0%           100%        7
 Summon Greater Demon     Summ           0%           100%        7
 Summon Hydra             Summ           0%           100%        7
 Chain Lightning          Conj/Air       0%           100%        8
 Ignition                 Fire           0%           100%        8
 Infestation              Necr           0%           100%        8
 Lehudib's Crystal Spear  Conj/Erth      0%           100%        8
 Summon Horrible Things   Summ           0%           100%        8
 Absolute Zero            Ice            0%           100%        9
 Dragon's Call            Summ           0%           100%        9
 Fire Storm               Conj/Fire      0%           100%        9
 Shatter                  Erth           0%           100%        9
 Tornado                  Air            0%           100%        9
 Sublimation of Blood     Necr           Unusable     N/A         2
 Statue Form              Tmut/Erth      Unusable     N/A         6

Dungeon Overview and Level Annotations

Branches:
Dungeon (15/15)            Temple (1/1) D:7            Lair (6/6) D:11
  Swamp (4/4) Lair:3        Snake (4/4) Lair:4        Slime (5/5) Lair:6
    Orc (2/2) D:12            Elf (3/3) Orc:2        Vaults (5/5) D:14
  Crypt (3/3) Vaults:2       Tomb (0/3) Crypt:3      Depths (5/5) D:15
   Hell (visited)             Zot (5/5) Depths:5    Ossuary (visited)
 Bailey (visited)         Volcano (visited)
    Dis: Hell:1         Geh: Hell:1         Coc: Hell:1         Tar: Hell:1

Altars:
Cheibriados
Dithmenos
Elyvilon
Fedhas
Kikubaaqudgha
Makhleb
Nemelex Xobeh
Okawaru
Ru
Sif Muna
Uskayaw
Xom
Yredelemnul
Zin
The Shining One
Beogh
Jiyva

Shops:
D:5 ?=[=   D:9 }*   D:10 *   D:14 :   D:15 *   Orc:1 **=   Orc:2 (:(*
Elf:1 }[?(   Elf:2 [!   Snake:2 }=}   Snake:3 :   Vaults:4 (   Vaults:5 }??![!
Depths:4 [=*

Portals:
Hell: Depths:1 Depths:2 Depths:3 Depths:4 Depths:5
Abyss: Depths:2 Depths:4
Pandemonium: Depths:3 Depths:4
Ziggurat: Depths:5

Annotations:
Lair:5 exclusion: 3 oklob plants
Swamp:3 swinepaste's ghost, journeyman DsMo
Vaults:2 6 runed translucent doors
Hell Geryon


Innate Abilities, Weirdness & Mutations

You are resistant to torment.
Your stone body is resilient. (AC +20)
You are immune to poison.
Your large and strong wings let you fly indefinitely.
You resist negative energy. (rN+)
You are resistant to electric shocks. (rElec)
You can survive without breathing.
You are immune to petrification.
You are immune to miasma.
You have sharp fingernails.
You have a pair of small horns on your head.
You are partially covered in large bone plates. (SH +4)
You have a somewhat thin skeletal structure. (Dex +2, Stealth)
You possess an exceptional clarity of mind.
Armour fits poorly on your strangely shaped body.
You are frail. (-10% HP)
Your magical capacity is low. (-10% MP)
You are occasionally teleported next to monsters.
You are weak. (Str -2)
You evolve.
Potions are less effective at restoring your health.
Your spells are a little easier to cast, but a little less powerful.
You expend magic power (3 MP) to strengthen your wands.


Message History

The Tzitzimitl bites the demonic crawler!
The tormentor roars!
You hit the demonic crawler but do no damage.
Your headbutt misses the demonic crawler.
The demonic crawler is heavily wounded.
You block the red devil's attack.
You block the demonic crawler's attack. x2
The demonic crawler hits you but does no damage.
The Tzitzimitl closely misses the demonic crawler.
The Tzitzimitl bites the demonic crawler.
Okay, then.
You puncture the demonic crawler! You freeze the demonic crawler.
The demonic crawler is severely wounded.
The red devil hits you from afar with a +0 trident.
* * * LOW HITPOINT WARNING * * *
You skewer the demonic crawler like a kebab!!!
You freeze the demonic crawler.
You kill the demonic crawler!
The Brimstone Fiend gestures at you.
The sphere of damnation explodes!
The damnation engulfs you!!!
You die...

###### ###....## ###
###########.......##
#.####.....#.#..........## . #
##....|....1#.#...........##. ##
#.............#{..........#.#
.## #.........1.@.##...........#
#.###..........#).#{.{........##
##.#.........###..42####.....##
##.............2########.##.####
#
##....########.#.....##.##..#..
###...### .##...........#...
......# ..#...............∩
.......# ...#..........#.....
..#....... ... ##.#.1.....#.....


You could see a Tzitzimitl (confused), a Brimstone Fiend, 2 tormentors and a red
devil.

Vanquished Creatures
  the Royal Jelly (Slime:5)
  8 ancient liches
  A juggernaut (Zot:5)
  4 orbs of fire
  Boris (twice) (Vaults:4 Depths:1)
  9 Killer Klowns (Zot:5)
  Bai Suzhen (Snake:4)
  Margery (Vaults:4)
  2 curse toes
  The ghost of ragingrage the Executioner, a veteran HOFi of Beogh (Vaults:2)
  3 caustic shrikes
  The ghost of Etiocw the Warrior, an adept DgCj (Depths:1)
  11 golden dragons
  The ghost of kalagan the Earth Mage, an adept GrEE of Sif Muna (Vaults:4)
  2 Tzitzimimeh (Pan)
  Jory (Vaults:4)
  16 liches
  17 bone dragons
  5 Brimstone Fiends (Pan)
  5 electric golems
  21 tentacled monstrosities
  Rupert (Lair:3)
  An Ice Fiend (Pan)
  25 Orb Guardians
  The ghost of Suryr the Thaumaturge, an adept GnWz of Sif Muna (Swamp:3)
  The ghost of Suryr the Thaumaturge, an adept GnWz of Sif Muna (Swamp:3)
  8 quicksilver dragons
  6 deep elf master archers
  25 titans
  4 deep elf blademasters
  3 Executioners
  Frances (Swamp:1)
  Gastronok (Orc:1)
  19 acid blobs
  6 sphinxes
  29 tentacled starspawn
  10 death cobs
  The ghost of Ricegish the Blocker, an adept GnFi of Okawaru (Swamp:3)
  3 thorn hunters
  2 ancient champions
  9 tengu reavers
  8 shadow dragons
  Agnes (Elf:2)
  7 nagarajas
  Roxanne (Swamp:1)
  A fenstrider witch (Swamp:4)
  6 draconian monks
  Donald (Orc:2)
  2 revenants
  5 daevas
  19 azure jellies
  20 fire giants
  22 storm dragons
  3 ghost moths
  8 deep elf sorcerers
  A curse skull (Crypt:3)
  3 draconian scorchers
  2 cacodemons
  Louise (Depths:4)
  4 orc warlords
  Aizul (Snake:2)
  An angel (Abyss:1)
  The ghost of Ychix the Thaumaturge, a journeyman GnSk of Makhleb (Swamp:3)
  4 iron dragons
  5 balrugs
  15 frost giants
  4 draconian shifters
  5 draconian knights
  17 vault wardens
  9 deep elf elementalists
  11 ghouls
  34 very ugly things
  4 spriggan defenders
  5 draconian annihilators
  An ophan (Abyss:2)
  26 stone giants
  A draconian stormcaller (Zot:3)
  4 war gargoyles
  7 ironheart preservers
  A stone giant (shapeshifter) (Vaults:5)
  11 deep elf demonologists
  The ghost of MaxHavoc the Fighter, a journeyman MiBe of Trog (Lair:6)
  8 vampire knights
  7 green draconians
  6 red draconians
  16 yellow draconians
  13 purple draconians
  16 black draconians
  7 lorocyprocas
  5 deep elf annihilators (Elf:3)
  10 white draconians
  17 ettins
  A spark wasp (shapeshifter) (Vaults:5)
  11 spark wasps
  2 bunyips
  A blizzard demon (Pan)
  Snorg (Lair:5)
  4 eidola
  3 merfolk javelineers
  14 death oozes
  2 green deaths
  5 deep elf high priests
  7 eleionomae
  5 deep elf death magi
  12 great orbs of eyes
  6 jiangshi
  A shambling mangrove (Swamp:3)
  A merfolk impaler (Depths:5)
  12 ogre magi
  11 fire dragons
  37 vault guards
  Harold (Lair:1)
  11 yaktaur captains
  23 hydras
  Fannar (D:11)
  6 boulder beetles
  5 spriggan air magi
  11 rakshasas
  14 ice dragons
  10 centaur warriors
  14 naga warriors
  Erica (D:11)
  3 catoblepae
  2 hell beasts
  A ghost crab (Swamp:4)
  5 alligators
  13 death yaks
  A queen ant (shapeshifter) (Vaults:5)
  A two-headed ogre (shapeshifter) (Vaults:3)
  9 vampire magi
  28 dancing weapons
  9 anacondas
  45 two-headed ogres
  12 deep troll shamans
  4 death knights
  10 tengu warriors
  33 thrashing horrors
  8 shock serpents
  2 orc high priests (Depths:1)
  A titan zombie (Crypt:3)
  7 deep troll earth magi
  10 naga sharpshooters
  A hell hog (Abyss:2)
  5 spriggan berserkers
  22 wretched stars
  7 sun demons
  Sonja (D:11)
  24 hell knights
  20 deep elf knights
  2 salamander mystics (Snake:4)
  2 goliath frogs
  2 soul eaters
  4 spatial maelstroms
  3 storm dragon skeletons
  2 iron trolls (Depths:3)
  20 skeletal warriors
  5 sixfirhies
  7 unseen horrors
  7 shadow wraiths
  18 deep trolls
  3 spriggan druids
  9 naga ritualists
  An anaconda zombie (Abyss:1)
  A tengu zombie (Depths:3)
  3 bog bodies
  5 glowing orange brains
  11 flayed ghosts
  3 golden dragon skeletons
  16 deep elf archers
  2 wizards
  A shadow dragon zombie (Depths:3)
  An obsidian statue (D:11)
  17 swamp dragons
  16 phantasmal warriors
  13 necromancers
  11 ironbrand convokers
  20 orc knights
  7 mana vipers
  Pikel (D:7)
  A tengu skeleton (Vaults:2)
  9 will-o-the-wisps
  3 orc sorcerers
  An orb spider (shapeshifter) (Depths:5)
  6 worldbinders (Abyss:1)
  60 deep elf magi
  2 fire giant zombies
  2 salamanders (shapeshifter)
  2 wolf spiders
  3 cyclopes
  62 ugly things
  3 shining eyes
  30 moths of wrath
  6 elephants
  3 stone giant skeletons
  A centaur zombie (D:14)
  A faun (shapeshifter) (Depths:4)
  12 salamanders
  2 titan simulacra (Abyss:1)
  A dire elephant zombie (Crypt:3)
  2 apocalypse crabs
  2 rust devils (D:13)
  30 naga magi
  9 fire giant skeletons
  24 smoke demons
  An eye of devastation (shapeshifter) (Vaults:5)
  8 guardian serpents
  48 black mambas
  4 gargoyles (Crypt:3)
  A black mamba (shapeshifter) (Abyss:1)
  13 vault sentinels
  13 cane toads
  An eye of devastation (Slime:2)
  5 orange demons
  3 cane toads (shapeshifter)
  2 kobold demonologists (Abyss:1)
  11 rime drakes
  2 rime drakes (shapeshifter)
  A komodo dragon (shapeshifter) (Depths:4)
  11 freezing wraiths
  58 yaktaurs
  An emperor scorpion zombie (Crypt:3)
  3 demonic crawlers
  6 komodo dragons
  3 tormentors
  4 efreet
  A swamp worm zombie (Crypt:1)
  10 ancient zymes
  An ice devil (Abyss:1)
  2 tengu conjurers
  6 hellwings
  A queen bee (Lair:2)
  10 red devils
  A harpy zombie (Crypt:3)
  Grinder (D:5)
  8 tyrant leeches
  8 trolls
  A hydra zombie (Crypt:2)
  16 hornets
  A polar bear (shapeshifter) (Depths:4)
  3 meliai (D:15)
  A harpy skeleton (D:15)
  2 wind drakes (shapeshifter)
  3 polar bears
  A jumping spider (shapeshifter) (Vaults:2)
  An ettin zombie (Crypt:2)
  34 raiju
  7 blink frogs
  2 hydra skeletons (Abyss:1)
  4 dream sheep (Lair:5)
  75 slime creatures
  A human simulacrum (Vaults:3)
  Prince Ribbit (D:5)
  A stone giant simulacrum (Crypt:2)
  An ice dragon skeleton (Abyss:3)
  A blink frog (shapeshifter) (Depths:3)
  2 air elementals
  An elf skeleton (Depths:3)
  11 fire dragon skeletons (Crypt:3)
  9 ynoxinuls
  8 flying skulls
  7 shadows
  A dire elephant simulacrum (Abyss:2)
  13 spriggans
  3 vampires
  2 ettin skeletons
  13 wraiths
  A redback (shapeshifter) (Vaults:5)
  65 yaks
  53 large abominations
  12 water elementals
  14 wyverns
  4 humans (D:7)
  9 fire bats
  2 fire elementals
  5 golden eyes (Abyss:1)
  2 hogs (shapeshifter)
  A golden eye (shapeshifter) (Abyss:1)
  9 basilisks
  11 neqoxecs
  A steam dragon (Lair:2)
  9 vampire mosquitoes
  13 swamp worms
  Menkaure (D:4)
  11 chaos spawn
  10 wargs
  Edmund (D:5)
  9 spatial vortices
  52 nagas
  A soldier ant (D:14)
  An acid dragon (Lair:6)
  13 water moccasins
  6 hell hounds
  A floating eye (Depths:4)
  69 orc warriors
  3 black bears
  A deep troll skeleton (Vaults:2)
  11 swamp drakes
  An ice beast (shapeshifter) (Abyss:1)
  6 sky beasts
  A snapping turtle zombie (Crypt:3)
  83 starcursed masses
  14 boggarts
  A boggart (shapeshifter) (Depths:5)
  An ice beast (Abyss:1)
  5 necrophages
  A blink frog skeleton (Crypt:2)
  4 phantoms
  4 eyes of draining
  11 wolves
  35 ogres
  13 centaurs
  A manticore skeleton (Crypt:2)
  A snapping turtle skeleton (Crypt:3)
  4 lemures
  A yaktaur zombie (Crypt:2)
  Blork the orc (D:6)
  27 bullfrogs
  A big kobold (D:8)
  A palentonga skeleton (Crypt:1)
  3 earth elementals
  A cyclops skeleton (Crypt:2)
  6 scorpions
  26 killer bees (Lair:2)
  A scorpion (shapeshifter) (Elf:2)
  A spriggan skeleton (Crypt:1)
  18 wights
  3 howler monkeys
  12 electric eels
  10 jellies
  A bullfrog zombie (D:12)
  2 crimson imps
  9 quasits
  43 small abominations
  A basilisk zombie (Crypt:1)
  21 orc priests
  28 orc wizards
  7 hounds
  4 human zombies
  13 iron imps
  Jessica (D:2)
  5 centaur skeletons
  7 human skeletons
  8 iguanas
  7 worker ants
  A killer bee zombie (D:7)
  A dwarf skeleton (Crypt:1)
  10 mummies
  An ogre skeleton (Abyss:1)
  2 hound skeletons
  A worker ant zombie (D:8)
  12 adders
  2 river rats (Lair:2)
  A shadow imp (Abyss:1)
  9 white imps
  12 ufetubi
  2 oozes
  An adder zombie (D:9)
  2 adder skeletons
  3 worms
  3 leopard geckos
  126 orcs
  A bat skeleton (Crypt:2)
  12 giant cockroaches
  17 goblins
  5 hobgoblins
  9 jackals
  4 quokkas
  4 ball pythons
  3 bats
  4 frilled lizards
  A gnoll zombie (Ossuary)
  4 hobgoblin zombies (Ossuary)
  10 kobolds
  3 kobold zombies (Ossuary)
  A leopard gecko skeleton (D:4)
  3 orc skeletons
  An orc zombie (D:12)
  4 rats
  A crawling corpse (Vaults:3)
  A lurking horror (Abyss:1)
  34 starspawn tentacles
3305 creatures vanquished.

Vanquished Creatures (others)
  An ancient lich (Zot:5)
  A tentacled starspawn (Abyss:1)
  A draconian monk (Abyss:1)
  A fire giant (Vaults:4)
  A vampire knight (Depths:2)
  An ogre mage (Depths:1)
  A naga warrior (Snake:4)
  A necromancer (D:14)
  2 naga magi
  A hellwing (Pan)
  2 bloated husks (Swamp:2)
  A naga (Snake:4)
  An orc warrior (Orc:2)
  2 ogres
  A small abomination (Abyss:3)
  5 boggarts
  A rime drake skeleton (Crypt:1)
  6 briar patches (Swamp:3)
  A bush (D:14)
  A crawling corpse (Vaults:3)
  51 foxfires
  19 fungi
  5 lurking horrors
  2 pillars of salt
  58 plants
  92 starspawn tentacles
  26 withered plants (Crypt:3)
285 creatures vanquished.

Grand Total: 3590 creatures vanquished

Notes
Turn   | Place    | Note
-------+----------+-------------------------------------------
     0 | D:1      | Delamore the Gargoyle Fighter began the quest for the Orb.
     0 | D:1      | Reached XP level 1. HP: 14/14 MP: 1/1
   470 | D:1      | Reached XP level 2. HP: 15/19 MP: 2/2
  1189 | D:2      | Reached XP level 3. HP: 22/24 MP: 3/3
  1322 | D:2      | Noticed Jessica
  1328 | D:2      | Killed Jessica
  1329 | D:2      | Reached XP level 4. HP: 29/29 MP: 4/4
  1686 | D:2      | Found an ancient bone altar of Kikubaaqudgha.
  2224 | D:3      | Reached XP level 5. HP: 15/34 MP: 5/5
  2519 | D:3      | Found an iron altar of Okawaru.
  2669 | D:3      | Became a worshipper of Warmaster Okawaru
  2798 | D:4      | Noticed Menkaure
  2817 | D:4      | Killed Menkaure
  2818 | D:4      | Reached skill level 5 in Fighting
  2818 | D:4      | Reached skill level 5 in Shields
  2818 | D:4      | Reached XP level 6. HP: 27/40 MP: 6/6
  2871 | D:4      | Found a sand-covered staircase.
  2884 | Ossuary  | Entered an ossuary
  3443 | D:4      | Reached skill level 5 in Maces & Flails
  3443 | D:4      | Reached XP level 7. HP: 42/44 MP: 7/7
  3747 | D:4      | Reached * piety under Okawaru
  4251 | D:5      | Entered Level 5 of the Dungeon
  4510 | D:5      | Reached XP level 8. HP: 34/49 MP: 8/8
  4735 | D:5      | Noticed Edmund
  4757 | D:5      | Killed Edmund
  4819 | D:5      | Reached ** piety under Okawaru
  4970 | D:5      | Found Keqamos's Magic Scroll Emporium.
  4975 | D:5      | Bought a scroll of magic mapping for 38 gold pieces
  4975 | D:5      | Bought a scroll of noise for 11 gold pieces
  4975 | D:5      | Bought a scroll of immolation for 38 gold pieces
  5063 | D:5      | Noticed Grinder
  5087 | D:5      | Killed Grinder
  5324 | D:5      | Noticed Prince Ribbit
  5337 | D:5      | Killed Prince Ribbit
  5338 | D:5      | Reached skill level 10 in Maces & Flails
  5338 | D:5      | Reached XP level 9. HP: 54/54 MP: 9/9
  5342 | D:5      | Found Xokeggih's Jewellery Shoppe.
  5405 | D:5      | Found Hoptenla's Armour Boutique.
  5434 | D:5      | Found Rumeuw's Jewellery Emporium.
  5590 | D:6      | Reached *** piety under Okawaru
  5854 | D:6      | Noticed Blork the orc
  5874 | D:6      | Killed Blork the orc
  5923 | D:6      | Found a shimmering blue altar of Sif Muna.
  6668 | D:7      | Noticed Pikel
  6912 | D:7      | Killed Pikel
  6912 | D:7      | Reached **** piety under Okawaru
  7020 | D:7      | Reached XP level 10. HP: 59/59 MP: 10/10
  7083 | D:7      | Found a staircase to the Ecumenical Temple.
  7204 | D:7      | Reached ***** piety under Okawaru
  7539 | D:7      | Got an encrusted plate armour
  7550 | D:7      | Identified the cursed +0 plate armour of the Cockroach
                  | {*Contam rElec Int+4} (You found it on level 7 of the
                  | Dungeon)
  7742 | D:8      | Found a shimmering altar of Xom.
  7744 | D:8      | Found a sparkling altar of Nemelex Xobeh.
  7762 | D:8      | Found a white marble altar of Elyvilon.
  7966 | D:8      | Received a gift from Okawaru
  8272 | D:9      | Found Asuergh's General Store.
  8280 | D:9      | Bought a scroll of identify for 26 gold pieces
  8296 | D:9      | Noticed a red ugly thing
  8317 | D:9      | Killed a red ugly thing
  8317 | D:9      | Received a gift from Okawaru
  8318 | D:9      | Reached skill level 1 in Throwing
  8944 | D:9      | Noticed a two-headed ogre
  8956 | D:9      | Killed a two-headed ogre
  8986 | D:9      | Found Lathusy's Gadget Emporium.
  9301 | D:9      | Reached XP level 11. HP: 63/63 MP: 11/11
  9836 | D:10     | Entered Level 10 of the Dungeon
  9866 | D:10     | Found a flagged portal.
  9917 | Bailey   | Entered a bailey
 10190 | Bailey   | Found a roughly hewn altar of Beogh.
 10190 | Bailey   | Noticed an orc knight
 10278 | Bailey   | Killed an orc knight
 10279 | Bailey   | Reached skill level 1 in Invocations
 10758 | D:10     | Gained mutation: You are frail. (-10% HP) [mutagenic glow]
 10761 | D:10     | Reached skill level 5 in Invocations
 10761 | D:10     | Reached XP level 12. HP: 61/61 MP: 12/16
 10852 | D:10     | Found Faakafim's Assorted Antiques.
 11428 | D:10     | Reached skill level 10 in Shields
 11715 | D:11     | Noticed a two-headed ogre
 11741 | D:11     | Killed a two-headed ogre
 11924 | D:11     | Noticed Sonja
 11949 | D:11     | Killed Sonja
 12305 | D:11     | Noticed an eight-headed hydra
 12329 | D:11     | Killed an eight-headed hydra
 12329 | D:11     | Received a gift from Okawaru
 12350 | D:11     | Received a gift from Okawaru
 12532 | D:11     | Noticed Erica
 12550 | D:11     | Killed Erica
 12760 | D:11     | Reached XP level 13. HP: 39/64 MP: 17/17
 13434 | D:11     | Noticed Fannar
 13471 | D:10     | Received a gift from Okawaru
 13815 | D:5      | Bought the +2 shield of Resistance {rF++ rC++ Will++} for
                  | 778 gold pieces
 13815 | D:5      | Found the +2 shield of Resistance {rF++ rC++ Will++}
 14003 | D:11     | Found a staircase to the Lair.
 14104 | D:11     | Killed Fannar
 14544 | Lair:1   | Entered Level 1 of the Lair of Beasts
 14638 | D:11     | Received a gift from Okawaru
 14639 | D:11     | Reached skill level 5 in Armour
 14777 | Lair:1   | Noticed Harold
 14808 | Lair:1   | Killed Harold
 14951 | Lair:1   | Found a dark tunnel.
 14959 | Volcano  | Entered a volcano
 15221 | Volcano  | Received a gift from Okawaru
 15679 | Lair:1   | Lost mutation: You are frail. (-10% HP) [potion of
                  | mutation]
 15679 | Lair:1   | Gained mutation: You are dopey. (Int -2) [potion of
                  | mutation]
 15679 | Lair:1   | Gained mutation: You have a pair of small horns on your
                  | head. [potion of mutation]
 15679 | Lair:1   | Gained mutation: You are partially covered in iridescent
                  | scales. (AC +2) [potion of mutation]
 15731 | Lair:1   | Found a burning altar of Makhleb.
 16768 | Lair:2   | Reached skill level 10 in Throwing
 17071 | Lair:2   | Gained mutation: Your large and strong wings let you fly
                  | indefinitely. [Gargoyle growth]
 17071 | Lair:2   | Reached XP level 14. HP: 34/83 MP: 18/18
 17676 | Lair:2   | Reached skill level 10 in Armour
 17884 | Lair:2   | You fall into a shaft and drop 1 floor!
 18213 | Lair:3   | Received a gift from Okawaru
 19058 | Lair:3   | Received a gift from Okawaru
 19160 | Lair:3   | Noticed Rupert
 19192 | Lair:3   | Killed Rupert
 19193 | Lair:3   | Reached skill level 10 in Fighting
 19535 | Lair:3   | Found a staircase to the Swamp.
 20075 | Lair:4   | Found a staircase to the Snake Pit.
 20134 | Lair:4   | You are sucked into a shaft and drop 2 floors!
 20134 | Lair:6   | Entered Level 6 of the Lair of Beasts
 20704 | Lair:6   | Received a gift from Okawaru
 20725 | Lair:6   | Reached skill level 15 in Shields
 20725 | Lair:6   | Reached XP level 15. HP: 35/95 MP: 16/19
 20801 | Lair:6   | Received a gift from Okawaru
 21336 | Lair:6   | Found a large runed translucent door.
 21336 | Lair:6   | Found a large runed translucent door.
 21338 | Lair:6   | Noticed MaxHavoc's ghost (journeyman MiBe)
 21343 | Lair:6   | Found a viscous altar of Jiyva.
 21344 | Lair:6   | Found a staircase to the Slime Pits.
 21407 | Lair:6   | Killed MaxHavoc's ghost
 21407 | Lair:6   | Received a gift from Okawaru
 22032 | Lair:5   | Noticed Snorg
 22056 | Lair:5   | Killed Snorg
 22386 | Lair:5   | Found a sacrificial altar of Ru.
 22749 | Lair:5   | Found a hide-covered altar of Uskayaw.
 23697 | D:12     | Found a staircase to the Orcish Mines.
 24364 | D:12     | Found a basalt altar of Yredelemnul.
 25034 | D:13     | Found an ancient bone altar of Kikubaaqudgha.
 25313 | D:13     | Found the +5 sword of Power {vorpal}
 25394 | D:13     | Received a gift from Okawaru
 25925 | D:13     | Got an ebony flail {god gift}
 25927 | D:13     | Identified the +1 flail of Precise Incision {freeze, Str+2}
                  | (Okawaru gifted it to you on level 13 of the Dungeon)
 26311 | D:14     | Found Zomizah's Book Boutique.
 26703 | Orc:1    | Entered Level 1 of the Orcish Mines
 26703 | Orc:1    | Found Deakk's Jewellery Emporium.
 26806 | Orc:1    | Reached XP level 16. HP: 89/107 MP: 21/21
 26807 | Orc:1    | Noticed Gastronok
 27469 | Orc:1    | Killed Gastronok
 27670 | Orc:2    | Entered Level 2 of the Orcish Mines
 27700 | Orc:2    | Found a roughly hewn altar of Beogh.
 28304 | Orc:2    | Found a roughly hewn altar of Beogh.
 28903 | Orc:2    | Found Hikh's Assorted Antiques.
 28903 | Orc:2    | Found Feyh's Weapon Shoppe.
 29037 | Orc:2    | Found a staircase to the Elven Halls.
 29282 | Orc:2    | Found Ocokig's Antique Weapon Shoppe.
 29349 | Orc:2    | Bought a runed morningstar for 203 gold pieces
 29354 | Orc:2    | Found Gosumamo's Book Boutique.
 29354 | Orc:2    | Noticed Donald
 29365 | Orc:2    | Killed Donald
 29365 | Orc:2    | Received a gift from Okawaru
 29397 | Orc:2    | Reached skill level 15 in Fighting
 29965 | Orc:1    | Found Kaguoc's Assorted Antiques.
 29968 | Orc:1    | Found Ottux's Assorted Antiques.
 29971 | Orc:1    | Bought 2 potions of heal wounds for 190 gold pieces
 29971 | Orc:1    | Bought a scroll of teleportation for 57 gold pieces
 29977 | Orc:1    | Bought a potion of might for 100 gold pieces
 30056 | Orc:2    | Bought a potion of heal wounds for 145 gold pieces
 30056 | Orc:2    | Bought a potion of might for 116 gold pieces
 30686 | D:14     | Identified a scroll of acquirement
 30687 | D:14     | Acquired 1236 gold pieces
 30762 | D:14     | Reached skill level 15 in Maces & Flails
 30791 | D:14     | Found a gate to the Vaults.
 31138 | D:14     | Received a gift from Okawaru
 31391 | D:15     | Entered Level 15 of the Dungeon
 31839 | D:15     | Received a gift from Okawaru
 31916 | D:15     | Reached XP level 17. HP: 88/113 MP: 24/24
 32031 | D:15     | Found Boskobry's Serpentskin Sales.
 32047 | D:15     | Reached ****** piety under Okawaru
 32499 | D:15     | Found a staircase to the Depths.
 32867 | Snake:1  | Entered Level 1 of the Snake Pit
 32953 | Snake:1  | Reached skill level 10 in Invocations
 33302 | Snake:1  | Received a gift from Okawaru
 33325 | Snake:1  | Got a steaming morningstar {god gift}
 33326 | Snake:1  | Identified the +0 morningstar of the Muttering Hawk
                  | {vorpal, +Inv rPois rN+} (Okawaru gifted it to you on level
                  | 1 of the Snake Pit)
 33658 | Snake:1  | Reached skill level 15 in Armour
 34658 | Snake:2  | Found Raruisk's Gadget Emporium.
 34658 | Snake:2  | Found Laqo's Jewellery Boutique.
 34659 | Snake:2  | Found Ydweij's Gadget Emporium.
 34682 | Snake:2  | Got a distressingly furry tower shield
 34683 | Snake:2  | Identified the +1 tower shield "Nuosue" {Regen+ Str+3 Int-4
                  | Dex+2} (You found it on level 2 of the Snake Pit)
 34808 | Snake:2  | Bought the ring of the Failed Coup {rF+ rC+ Int+3 SInv} for
                  | 594 gold pieces
 34862 | Snake:2  | Reached skill level 1 in Evocations
 35061 | Snake:2  | Noticed Aizul
 35091 | Snake:2  | Killed Aizul
 35218 | Snake:2  | Received a gift from Okawaru
 36301 | Snake:3  | Reached skill level 1 in Dodging
 36592 | Snake:3  | Found Loot's Book Boutique.
 36657 | Snake:3  | Reached XP level 18. HP: 86/122 MP: 25/25
 37228 | Snake:3  | Received a gift from Okawaru
 37517 | Snake:4  | Entered Level 4 of the Snake Pit
 37870 | Snake:4  | Noticed Bai Suzhen
 37913 | Snake:4  | Killed Bai Suzhen
 38506 | Snake:4  | Received a gift from Okawaru
 38564 | Snake:4  | Reached skill level 5 in Evocations
 38706 | Snake:4  | Received a gift from Okawaru
 38950 | Snake:4  | Got a serpentine rune of Zot
 39124 | Snake:4  | Received a gift from Okawaru
 39135 | Snake:4  | Got a twisted crystal plate armour {god gift}
 39146 | Snake:4  | Identified the +1 crystal plate armour "Sohaciz" {Int+2}
                  | (Okawaru gifted it to you on level 4 of the Snake Pit)
 39720 | Swamp:1  | Entered Level 1 of the Swamp
 39984 | Swamp:1  | Noticed Frances
 40016 | Swamp:1  | Killed Frances
 40615 | Swamp:1  | Identified Roxanne's Almanac of Earth
 40615 | Swamp:1  | Noticed Roxanne
 40645 | Swamp:1  | Killed Roxanne
 40774 | Swamp:1  | You are sucked into a shaft and drop 1 floor!
 40798 | Swamp:2  | Reached XP level 19. HP: 130/130 MP: 26/26
 41723 | Swamp:3  | Found a runed translucent gate.
 41723 | Swamp:3  | Found a runed translucent gate.
 41723 | Swamp:3  | Found a runed translucent gate.
 42127 | Swamp:3  | Reached skill level 5 in Dodging
 42312 | Swamp:3  | Noticed swinepaste's ghost (journeyman DsMo)
 42312 | Swamp:3  | Noticed Ychix's ghost (journeyman GnSk)
 42312 | Swamp:3  | Noticed Suryr's ghost (adept GnWz)
 42312 | Swamp:3  | Noticed Suryr's ghost (adept GnWz)
 42312 | Swamp:3  | Noticed Ricegish's ghost (adept GnFi)
 42315 | Swamp:3  | Found the ring of the Octopus King
 42399 | Swamp:3  | Killed Suryr's ghost
 42487 | Swamp:3  | Killed Ychix's ghost
 42551 | Swamp:3  | Killed Ricegish's ghost
 42561 | Swamp:3  | Received a gift from Okawaru
 42629 | Swamp:3  | Killed Suryr's ghost
 43581 | Swamp:3  | Got a ring of the Octopus King
 43592 | Swamp:3  | Got a shimmering plate armour
 43983 | Swamp:4  | Entered Level 4 of the Swamp
 44802 | Swamp:4  | Identified the +7 plate armour of the Lich-sworn {rPois
                  | Regen+ Stlth-} (You found it on level 3 of the Swamp)
 44803 | Swamp:4  | Identified a ring of the Octopus King {rCorr AC+1 EV+1
                  | Str+1 Int+1 Dex+1} (You found it on level 3 of the Swamp)
 45169 | Swamp:4  | Got a decaying rune of Zot
 45794 | Vaults:1 | Entered Level 1 of the Vaults
 46109 | Vaults:1 | Received a gift from Okawaru
 46225 | Vaults:1 | Reached XP level 20. HP: 137/140 MP: 27/27
 47380 | Vaults:2 | Found a snail-covered altar of Cheibriados.
 47655 | Vaults:2 | Received a gift from Okawaru
 47728 | Vaults:2 | Found a staircase to the Crypt.
 48283 | Vaults:2 | Noticed a Tzitzimitl
 48486 | Vaults:2 | Found a large runed translucent door.
 48486 | Vaults:2 | Found a large runed translucent door.
 48486 | Vaults:2 | Found a large runed translucent door.
 48486 | Vaults:2 | Found a large runed translucent door.
 48486 | Vaults:2 | Found a large runed translucent door.
 48486 | Vaults:2 | Found a large runed translucent door.
 48486 | Vaults:2 | Found a large runed translucent door.
 48486 | Vaults:2 | Found a large runed translucent door.
 48486 | Vaults:2 | Noticed ragingrage's ghost (veteran HOFi)
 48608 | Vaults:2 | Killed ragingrage's ghost
 48608 | Vaults:2 | Received a gift from Okawaru
 48637 | Vaults:2 | Acquired 881 gold pieces
 48975 | Vaults:3 | Received a gift from Okawaru
 49654 | Vaults:3 | Received a gift from Okawaru
 49800 | Vaults:3 | Received a gift from Okawaru
 49891 | Vaults:3 | Received a gift from Okawaru
 50166 | Vaults:3 | Reached XP level 21. HP: 138/146 MP: 28/28
 50543 | Vaults:4 | Noticed Boris
 50563 | Vaults:4 | Killed Boris
 50688 | Vaults:4 | Found Vudiasace's Antique Weapon Boutique.
 51083 | Vaults:4 | Found a runed translucent door.
 51173 | Vaults:4 | Noticed Margery
 51179 | Vaults:4 | Cast into level 3 of the Abyss (ironbrand convoker)
 51230 | Abyss:3  | Received a gift from Okawaru
 51378 | Abyss:3  | Gained mutation: You are occasionally teleported next to
                  | monsters. [a neqoxec]
 51594 | Vaults:4 | Escaped the Abyss
 51628 | Vaults:4 | Reached skill level 10 in Dodging
 51661 | Vaults:4 | Killed Margery
 51661 | Vaults:4 | Received a gift from Okawaru
 51677 | Vaults:4 | Lost mutation: You have a pair of small horns on your head.
                  | [potion of mutation]
 51677 | Vaults:4 | Lost mutation: You are dopey. (Int -2) [potion of mutation]
 51677 | Vaults:4 | Gained mutation: Your muscles are strong. (Str +2) [potion
                  | of mutation]
 51677 | Vaults:4 | Gained mutation: Scrolls take you a little longer to read.
                  | [potion of mutation]
 51677 | Vaults:4 | Gained mutation: Your flesh is heat resistant. (rF+)
                  | [potion of mutation]
 51678 | Vaults:4 | Lost mutation: Scrolls take you a little longer to read.
                  | [potion of mutation]
 51678 | Vaults:4 | Lost mutation: Your flesh is heat resistant. (rF+) [potion
                  | of mutation]
 51678 | Vaults:4 | Gained mutation: You are agile. (Dex +2) [potion of
                  | mutation]
 51678 | Vaults:4 | Gained mutation: Your body sometimes deteriorates upon
                  | taking damage. [potion of mutation]
 51678 | Vaults:4 | Gained mutation: Your flesh is heat resistant. (rF+)
                  | [potion of mutation]
 51679 | Vaults:4 | Lost mutation: Your body sometimes deteriorates upon taking
                  | damage. [potion of mutation]
 51679 | Vaults:4 | Lost mutation: Your flesh is heat resistant. (rF+) [potion
                  | of mutation]
 51679 | Vaults:4 | Gained mutation: You have a pair of small horns on your
                  | head. [potion of mutation]
 51679 | Vaults:4 | Gained mutation: You are covered in fur. (AC +1) [potion of
                  | mutation]
 51680 | Vaults:4 | Lost mutation: You have a pair of small horns on your head.
                  | [potion of mutation]
 51680 | Vaults:4 | Lost mutation: Your muscles are strong. (Str +2) [potion of
                  | mutation]
 51680 | Vaults:4 | Lost mutation: You are agile. (Dex +2) [potion of mutation]
 51680 | Vaults:4 | Gained mutation: You are somewhat resistant to further
                  | mutation. [potion of mutation]
 51680 | Vaults:4 | Gained mutation: You passively map a small area around you.
                  | [potion of mutation]
 51681 | Vaults:4 | Lost mutation: You passively map a small area around you.
                  | [potion of mutation]
 51681 | Vaults:4 | Lost mutation: You are somewhat resistant to further
                  | mutation. [potion of mutation]
 51681 | Vaults:4 | Gained mutation: You expend magic power (3 MP) to
                  | strengthen your wands. [potion of mutation]
 51681 | Vaults:4 | Gained mutation: You are partially covered in yellow
                  | scales. (AC +2) [potion of mutation]
 51682 | Vaults:4 | Lost mutation: You are partially covered in iridescent
                  | scales. (AC +2) [potion of mutation]
 51682 | Vaults:4 | Gained mutation: You are partially covered in thin metallic
                  | scales. (AC +2) [potion of mutation]
 51682 | Vaults:4 | Gained mutation: You have an increased reservoir of magic.
                  | (+10% MP) [potion of mutation]
 52087 | Vaults:4 | Noticed Jory
 52111 | Vaults:4 | Killed Jory
 52358 | Vaults:4 | Noticed kalagan's ghost (adept GrEE)
 52477 | Vaults:4 | Killed kalagan's ghost
 52759 | Elf:1    | Entered Level 1 of the Elven Halls
 53233 | Elf:1    | Found Ubbaijo's Weapon Emporium.
 53233 | Elf:1    | Found Miujof's Gadget Shoppe.
 53234 | Elf:1    | Found Amo Xirri's Magic Scroll Emporium.
 53237 | Elf:1    | Found Semeh's Armour Shoppe.
 53302 | Elf:1    | Bought a scroll of identify for 30 gold pieces
 53302 | Elf:1    | Bought a scroll of immolation for 52 gold pieces
 53314 | Elf:1    | Bought a scroll of brand weapon for 300 gold pieces
 53314 | Elf:1    | Bought a scroll of summoning for 142 gold pieces
 53314 | Elf:1    | Bought a scroll of summoning for 142 gold pieces
 53314 | Elf:1    | Bought 3 scrolls of identify for 90 gold pieces
 53314 | Elf:1    | Bought a scroll of magic mapping for 52 gold pieces
 53314 | Elf:1    | Bought a scroll of magic mapping for 52 gold pieces
 53314 | Elf:1    | Bought a scroll of teleportation for 45 gold pieces
 53314 | Elf:1    | Bought a scroll of teleportation for 45 gold pieces
 54057 | Elf:2    | Received a gift from Okawaru
 54088 | Elf:2    | Found Zeweur Pemi's Distillery.
 54095 | Elf:2    | Bought a potion of mutation for 80 gold pieces
 54095 | Elf:2    | Bought a potion of berserk rage for 50 gold pieces
 54095 | Elf:2    | Bought a potion of haste for 100 gold pieces
 54095 | Elf:2    | Bought a potion of berserk rage for 50 gold pieces
 54095 | Elf:2    | Lost mutation: You expend magic power (3 MP) to strengthen
                  | your wands. [potion of mutation]
 54095 | Elf:2    | Lost mutation: You have an increased reservoir of magic.
                  | (+10% MP) [potion of mutation]
 54095 | Elf:2    | Lost mutation: You are covered in fur. (AC +1) [potion of
                  | mutation]
 54095 | Elf:2    | Gained mutation: You have an increased reservoir of magic.
                  | (+10% MP) [potion of mutation]
 54095 | Elf:2    | Lost mutation: You have an increased reservoir of magic.
                  | (+10% MP) [potion of mutation]
 54095 | Elf:2    | Gained mutation: Your spells are a little harder to cast,
                  | but a little more powerful. [potion of mutation]
 54120 | Elf:2    | Reached XP level 22. HP: 138/149 MP: 29/29
 54275 | Elf:2    | Found Sogh's Antique Armour Emporium.
 54281 | Elf:2    | Bought a brightly glowing tower shield for 361 gold pieces
 54281 | Elf:2    | Identified the cursed +0 tower shield of Pandemonium
                  | {Regen+} (You bought it in a shop on level 2 of the Elven
                  | Halls)
 54482 | Elf:2    | Found a huge runed translucent gate.
 54483 | Elf:2    | Found a huge runed translucent gate.
 54483 | Elf:2    | Found a huge runed translucent gate.
 54484 | Elf:2    | Found a huge runed translucent gate.
 54484 | Elf:2    | Found a huge runed translucent gate.
 54653 | Elf:2    | Noticed Agnes
 54667 | Elf:2    | Killed Agnes
 54754 | Elf:2    | Received a gift from Okawaru
 54779 | Elf:2    | Got a fading helmet {god gift}
 54785 | Elf:2    | Identified the +1 helmet of the Camelopard {rN+ Str+2}
                  | (Okawaru gifted it to you on level 2 of the Elven Halls)
 55052 | Elf:3    | Entered Level 3 of the Elven Halls
 55110 | Elf:3    | Found Gewer's General Store.
 55146 | Elf:3    | Reached skill level 15 in Throwing
 56123 | Elf:3    | Identified the cursed +2 trident of Tumult {vamp, Int+5}
 56171 | Elf:3    | Identified the ring "Numetiad" {rPois rF+ SInv Stlth+} (You
                  | found it on level 3 of the Elven Halls)
 56175 | Elf:3    | Identified the cursed ring "Ekhlaad" {Will++ Str-4} (You
                  | found it on level 3 of the Elven Halls)
 56176 | Elf:3    | Identified Sif Muna's Disquisition on Warped Earth
 56275 | Elf:3    | Received a gift from Okawaru
 56407 | Elf:3    | Identified Sif Muna's Handbook of Battle Magic and Stones
 56417 | Elf:3    | Identified the +0 plate armour of the Heavens {rC+ Str+3
                  | Int+4 Dex-3} (You found it on level 3 of the Elven Halls)
 56540 | Elf:3    | Identified the Almanac of Flight
 56830 | Depths:1 | Entered Level 1 of the Depths
 56914 | Depths:1 | Identified the cursed ring "Pituskuc" {rN+ AC-4 Dex+4}
 57309 | Depths:1 | Gained mutation: You have sharp fingernails. [a neqoxec]
 57311 | Depths:1 | Lost mutation: Your spells are a little harder to cast, but
                  | a little more powerful. [a neqoxec]
 57335 | Depths:1 | Found the +7 captain's cutlass {speed, disarm}
 57504 | Depths:1 | Noticed Boris
 57534 | Depths:1 | Killed Boris
 57535 | Depths:1 | Reached XP level 23. HP: 107/163 MP: 22/30
 57656 | Depths:1 | Found a runed translucent door.
 57656 | Depths:1 | Found a shimmering altar of Xom.
 57656 | Depths:1 | Noticed Etiocw's ghost (adept DgCj)
 57746 | Depths:1 | Found a gateway to Hell.
 58099 | Depths:1 | Killed Etiocw's ghost
 58103 | Depths:1 | Received a gift from Okawaru
 58613 | Depths:2 | Received a gift from Okawaru
 58712 | Depths:2 | Received a gift from Okawaru
 58992 | Depths:2 | Received a gift from Okawaru
 59055 | Depths:2 | Received a gift from Okawaru
 59469 | Depths:2 | Reached XP level 24. HP: 175/175 MP: 30/30
 59671 | Depths:2 | Found a one-way gate to the infinite horrors of the Abyss.
 59844 | Depths:3 | Found a flickering gateway to a bazaar.
 59899 | Bazaar   | Entered a bazaar
 59903 | Bazaar   | Found Vadghio's Assorted Antiques.
 59908 | Bazaar   | Found Ocosegre's Magic Scroll Shop.
 59914 | Bazaar   | Found Onefuc's Antique Armour Boutique.
 59927 | Bazaar   | Found Gawig's Book Boutique.
 59965 | Bazaar   | Found Cimitorch's Book Emporium.
 59999 | Bazaar   | Bought a scroll of immolation for 52 gold pieces
 59999 | Bazaar   | Bought a scroll of acquirement for 780 gold pieces
 59999 | Bazaar   | Bought a scroll of fog for 30 gold pieces
 59999 | Bazaar   | Bought a scroll of identify for 30 gold pieces
 59999 | Bazaar   | Bought a scroll of identify for 30 gold pieces
 59999 | Bazaar   | Bought a scroll of identify for 30 gold pieces
 59999 | Bazaar   | Bought a scroll of magic mapping for 52 gold pieces
 59999 | Bazaar   | Bought a scroll of magic mapping for 52 gold pieces
 59999 | Bazaar   | Bought a scroll of identify for 30 gold pieces
 60000 | Bazaar   | Acquired 530 gold pieces
 60007 | Bazaar   | Bought a potion of resistance for 270 gold pieces
 60043 | Depths:3 | Found a one-way gate leading to the halls of Pandemonium.
 60060 | Depths:3 | Received a gift from Okawaru
 60235 | Depths:3 | Received a gift from Okawaru
 60237 | Depths:3 | Identified the ring "Erekh" {rElec rN+ Int+6}
 60284 | Depths:3 | Acquired a +1 vampiric eveningstar
 60474 | Depths:3 | Received a gift from Okawaru
 60530 | Depths:3 | Noticed a caustic shrike
 60541 | Depths:3 | Killed a caustic shrike
 60565 | Depths:3 | Noticed a caustic shrike
 60595 | Depths:3 | Killed a caustic shrike
 60654 | Depths:3 | Identified the +0 plate armour of Bad Feelings {Dex+5} (You
                  | found it on level 3 of the Depths)
 60988 | Hell     | Entered the Vestibule of Hell
 60988 | Hell     | Noticed Geryon
 61197 | Depths:4 | Noticed a caustic shrike
 61214 | Depths:4 | Killed a caustic shrike
 61230 | Depths:4 | Received a gift from Okawaru
 61238 | Depths:4 | Received a gift from Okawaru
 61275 | Depths:4 | Reached XP level 25. HP: 172/181 MP: 28/32
 61486 | Depths:4 | Found Vogimp's Assorted Antiques.
 61507 | Depths:4 | Bought a pair of glowing gloves for 225 gold pieces
 61507 | Depths:4 | Bought a potion of berserk rage for 150 gold pieces
 61507 | Depths:4 | Bought a scroll of teleportation for 90 gold pieces
 61507 | Depths:4 | Bought a scroll of teleportation for 90 gold pieces
 61507 | Depths:4 | Bought a scroll of fog for 60 gold pieces
 61655 | Depths:4 | Found Leczeit's Antique Armour Emporium.
 61671 | Depths:4 | Noticed Louise
 61694 | Depths:4 | Killed Louise
 61740 | Depths:4 | Found Gaff's Jewellery Shoppe.
 61856 | Depths:4 | Found the +3 robe of Clouds {+Thunder rCloud rElec}
 61870 | Depths:4 | Identified the Collected Works on the Captivating
                  | Snowflakes
 61949 | Depths:4 | Identified the Almanac of Cold
 62508 | Depths:5 | Entered Level 5 of the Depths
 62566 | Depths:5 | Found a gateway to a ziggurat.
 62776 | Depths:5 | Received a gift from Okawaru
 62957 | Depths:5 | Found a gate to the Realm of Zot.
 63194 | Depths:5 | Received a gift from Okawaru
 64058 | Vaults:5 | Entered Level 5 of the Vaults
 64074 | Vaults:5 | Reached skill level 10 in Evocations
 64120 | Vaults:5 | Reached XP level 26. HP: 188/188 MP: 31/33
 64139 | Vaults:5 | Noticed an ancient lich
 64143 | Vaults:5 | Killed an ancient lich
 64145 | Vaults:5 | Received a gift from Okawaru
 64213 | Vaults:5 | Noticed an ancient lich
 64227 | Vaults:5 | Killed an ancient lich
 64395 | Vaults:5 | Received a gift from Okawaru
 64606 | Vaults:5 | Reached skill level 15 in Invocations
 64611 | Vaults:5 | Received a gift from Okawaru
 64708 | Vaults:5 | Noticed an ancient lich
 64713 | Vaults:5 | Received a gift from Okawaru
 64720 | Vaults:5 | Killed an ancient lich
 64768 | Vaults:5 | Received a gift from Okawaru
 65332 | Vaults:5 | Found Veakhlum's Distillery.
 65377 | Vaults:5 | Bought a potion of heal wounds for 75 gold pieces
 65550 | Vaults:5 | Found Puit's Gadget Emporium.
 65578 | Vaults:5 | Found Zypuvalu's Antique Armour Boutique.
 65578 | Vaults:5 | Found Azxeob's Distillery.
 65579 | Vaults:5 | Found Gyf Gel's Magic Scroll Shop.
 65582 | Vaults:5 | Bought a potion of might for 64 gold pieces
 65582 | Vaults:5 | Bought a potion of haste for 160 gold pieces
 65582 | Vaults:5 | Bought a potion of mutation for 128 gold pieces
 65582 | Vaults:5 | Bought a potion of haste for 160 gold pieces
 65582 | Vaults:5 | Bought a potion of curing for 48 gold pieces
 65582 | Vaults:5 | Bought 2 potions of curing for 96 gold pieces
 65586 | Vaults:5 | Bought a scroll of fog for 28 gold pieces
 65586 | Vaults:5 | Bought a scroll of enchant armour for 105 gold pieces
 65586 | Vaults:5 | Bought a scroll of acquirement for 728 gold pieces
 65592 | Vaults:5 | Bought the +2 hood of the Assassin {Detection Stab+
                  | Stlth++} for 2100 gold pieces
 65592 | Vaults:5 | Found the +2 hood of the Assassin {Detection Stab+ Stlth++}
 65676 | Vaults:5 | Reached XP level 27. HP: 190/193 MP: 34/34
 65676 | Vaults:5 | Acquired a manual of Maces & Flails
 65739 | Vaults:5 | Found Dyse's Magic Scroll Boutique.
 65747 | Vaults:5 | Bought a scroll of enchant armour for 135 gold pieces
 65747 | Vaults:5 | Bought a scroll of immolation for 63 gold pieces
 65747 | Vaults:5 | Bought a scroll of silence for 135 gold pieces
 65747 | Vaults:5 | Bought a scroll of teleportation for 54 gold pieces
 65747 | Vaults:5 | Bought a scroll of immolation for 63 gold pieces
 65750 | Vaults:5 | Got a silver rune of Zot
 65815 | Vaults:5 | Lost mutation: You are partially covered in yellow scales.
                  | (AC +2) [potion of mutation]
 65815 | Vaults:5 | Lost mutation: You are partially covered in thin metallic
                  | scales. (AC +2) [potion of mutation]
 65815 | Vaults:5 | Gained mutation: You are agile. (Dex +2) [potion of
                  | mutation]
 65815 | Vaults:5 | Gained mutation: You have a somewhat thin skeletal
                  | structure. (Dex +2, Stealth) [potion of mutation]
 66224 | Zot:1    | Entered Level 1 of the Realm of Zot
 66416 | Zot:1    | Received a gift from Okawaru
 66625 | Zot:1    | Received a gift from Okawaru
 66653 | Zot:1    | Identified the +2 morningstar of Wariness {vamp, *Contam
                  | rPois rC+} (Okawaru gifted it to you on level 1 of the
                  | Realm of Zot)
 67536 | Zot:2    | Received a gift from Okawaru
 67664 | Zot:2    | Received a gift from Okawaru
 67728 | Zot:2    | Received a gift from Okawaru
 67911 | Zot:2    | You fall into a shaft and drop 1 floor!
 67941 | Zot:3    | Received a gift from Okawaru
 67958 | Zot:3    | Identified the +2 morningstar of Guckoud {drain, rElec rN+}
                  | (Okawaru gifted it to you on level 3 of the Realm of Zot)
 68904 | Zot:3    | Noticed an orb of fire
 68909 | Zot:3    | Gained mutation: Your magical capacity is low. (-10% MP)
                  | [an orb of fire]
 68917 | Zot:3    | Killed an orb of fire
 69521 | Zot:4    | Received a gift from Okawaru
 69596 | Zot:4    | Received a gift from Okawaru
 69625 | Zot:4    | Received a gift from Okawaru
 70140 | Zot:4    | Lost mutation: Your magical capacity is low. (-10% MP)
                  | [potion of mutation]
 70140 | Zot:4    | Lost mutation: You are agile. (Dex +2) [potion of mutation]
 70140 | Zot:4    | Gained mutation: You expend magic power (3 MP) to
                  | strengthen your wands. [potion of mutation]
 70140 | Zot:4    | Gained mutation: You are partially covered in large bone
                  | plates. (SH +4) [potion of mutation]
 70140 | Zot:4    | Gained mutation: You possess an exceptional clarity of
                  | mind. [potion of mutation]
 70174 | Zot:5    | Entered Level 5 of the Realm of Zot
 70174 | Zot:5    | Noticed an ancient lich
 70174 | Zot:5    | Noticed an ancient lich
 70182 | Zot:5    | Killed an ancient lich
 70182 | Zot:5    | Received a gift from Okawaru
 70187 | Zot:5    | Killed an ancient lich
 70221 | Zot:5    | Noticed an orb of fire
 70226 | Zot:5    | Noticed an ancient lich
 70233 | Zot:5    | Received a gift from Okawaru
 70246 | Zot:5    | Killed an orb of fire
 70257 | Zot:5    | Killed an ancient lich
 70319 | Zot:5    | Received a gift from Okawaru
 70367 | Zot:5    | Noticed an orb of fire
 70394 | Zot:5    | Noticed an orb of fire
 70397 | Zot:5    | Gained mutation: You are frail. (-10% HP) [an orb of fire]
 70402 | Zot:5    | Gained mutation: You evolve. [an orb of fire]
 70412 | Zot:5    | Gained mutation: You have a pair of small horns on your
                  | head. [an orb of fire]
 70418 | Zot:5    | Gained mutation: Your magical capacity is low. (-10% MP)
                  | [an orb of fire]
 70419 | Zot:5    | Gained mutation: Your spells are a little easier to cast,
                  | but a little less powerful. [an orb of fire]
 70726 | Zot:5    | Gained mutation: You are weak. (Str -2) [an orb of fire]
 70733 | Zot:5    | Gained mutation: Your spells are easier to cast, but less
                  | powerful. [an orb of fire]
 70750 | Zot:5    | Gained mutation: Potions are less effective at restoring
                  | your health. [an orb of fire]
 70751 | Zot:5    | Killed an orb of fire
 70759 | Zot:5    | Gained mutation: Armour fits poorly on your strangely
                  | shaped body. [an orb of fire]
 70761 | Zot:5    | Killed an orb of fire
 70767 | Zot:5    | Received a gift from Okawaru
 70815 | Zot:5    | Received a gift from Okawaru
 70860 | Zot:5    | Received a gift from Okawaru
 70872 | Zot:5    | Noticed a juggernaut
 70872 | Zot:5    | a Killer Klown changed into a juggernaut
 70895 | Zot:5    | Killed a juggernaut
 70895 | Zot:5    | HP: 7/173 [Orb Guardian (33)]
 70961 | Zot:5    | Noticed an ancient lich
 70973 | Zot:5    | Killed an ancient lich
 71587 | Zot:5    | Received a gift from Okawaru
 72256 | Temple   | Entered the Ecumenical Temple
 72262 | Temple   | Fell from the grace of Okawaru
 72262 | Temple   | Became a worshipper of Zin the Law-Giver
 72262 | Temple   | Reached * piety under Zin
 72262 | Temple   | Reached ** piety under Zin
 72618 | Vaults:2 | Lost mutation: Your spells are easier to cast, but less
                  | powerful. [evolution]
 72693 | Crypt:1  | Entered Level 1 of the Crypt
 72771 | Crypt:1  | Reached *** piety under Zin
 74125 | Crypt:2  | Reached **** piety under Zin
 74661 | Crypt:2  | Identified Ynlalun's Tome of the Compass and Beguiling
 74705 | Crypt:2  | Reached ***** piety under Zin
 74944 | Crypt:3  | Entered Level 3 of the Crypt
 75342 | Crypt:3  | Identified the Volume of Unholy Secrets
 75548 | Crypt:3  | Found a staircase to the Tomb.
 75640 | Crypt:3  | Reached ****** piety under Zin
 75953 | Crypt:3  | Found an ancient bone altar of Kikubaaqudgha.
 77030 | Crypt:3  | Got an ancient lapis lazuli ring
 77030 | Crypt:3  | Got a heavily runed golden ring
 77030 | Crypt:3  | Got a slimy granite ring
 77031 | Crypt:3  | Identified the ring of Kounoeh {rN+ Dex+4} (You found it on
                  | level 3 of the Crypt)
 77032 | Crypt:3  | Identified the ring "Aresiwoi" {rN+ Str+3} (You found it on
                  | level 3 of the Crypt)
 77033 | Crypt:3  | Identified the ring of Xismoquuny {rPois rN+} (You found it
                  | on level 3 of the Crypt)
 77138 | Crypt:3  | Noticed an ancient lich
 77148 | Crypt:3  | Noticed an ancient lich
 77168 | Crypt:3  | Killed an ancient lich
 77174 | Crypt:3  | Killed an ancient lich
 77319 | Crypt:3  | Got a flickering copper amulet
 77320 | Crypt:3  | Identified the amulet "Zywyceif" {Spirit Dex+2} (You found
                  | it on level 3 of the Crypt)
 78046 | Depths:2 | Voluntarily entered the Abyss.
 78255 | Abyss:1  | Paralysed by accursed screaming for 1 turns
 79241 | Abyss:1  | Was forgiven by Okawaru
 79254 | Depths:2 | Escaped the Abyss
 79269 | Depths:2 | Voluntarily entered the Abyss.
 79269 | Abyss:1  | Found a corrupted altar of Lugonu.
 79475 | Abyss:2  | Found a shimmering blue altar of Sif Muna.
 80151 | Depths:2 | Escaped the Abyss
 80153 | Depths:2 | Voluntarily entered the Abyss.
 80153 | Abyss:1  | Found a corrupted altar of Lugonu.
 80328 | Abyss:1  | Found a corrupted altar of Lugonu.
 80335 | Abyss:1  | Reached skill level 15 in Evocations
 80360 | Abyss:1  | Paralysed by accursed screaming for 1 turns
 80450 | Abyss:1  | Found a corrupted altar of Lugonu.
 80529 | Abyss:1  | Paralysed by accursed screaming for 1 turns
 80545 | Depths:2 | Escaped the Abyss
 80661 | Depths:2 | Voluntarily entered the Abyss.
 80814 | Abyss:1  | Found a snail-covered altar of Cheibriados.
 80894 | Abyss:1  | Found a corrupted altar of Lugonu.
 80923 | Abyss:1  | Paralysed by accursed screaming for 1 turns
 81140 | Abyss:2  | Found a corrupted altar of Lugonu.
 81537 | Abyss:2  | Acquired a +5 vorpal morningstar
 81801 | Depths:2 | Escaped the Abyss
 81890 | Depths:2 | Voluntarily entered the Abyss.
 81890 | Abyss:1  | Found a corrupted altar of Lugonu.
 82700 | Abyss:1  | Found a snail-covered altar of Cheibriados.
 82821 | Abyss:1  | Found a snail-covered altar of Cheibriados.
 83016 | Abyss:1  | Found a broken altar of Ashenzari.
 85025 | Abyss:2  | Found a corrupted altar of Lugonu.
 85495 | Depths:2 | Escaped the Abyss
 85853 | Slime:1  | Entered Level 1 of the Pits of Slime
 86824 | Slime:5  | Entered Level 5 of the Pits of Slime
 87478 | Slime:5  | Found the +8 demon trident "Rift" {distort, reach+}
 87478 | Slime:5  | Found a viscous altar of Jiyva.
 87513 | Slime:5  | Found the ring of the Hare {EV+8}
 87562 | Slime:5  | Noticed the Royal Jelly
 87574 | Slime:5  | Killed the Royal Jelly
 87723 | Slime:5  | Got a slimy rune of Zot
 87725 | Slime:5  | Got a scorched turquoise ring
 87756 | Slime:5  | Identified the Incunabulum of Mutagenic Poisoning
 87802 | Slime:5  | Got a steaming pewter amulet
 87883 | Slime:5  | Identified the amulet of Yqel {Faith *Contam *Slow Dex+9
                  | Slay+2} (You found it on level 5 of the Pits of Slime)
 87884 | Slime:5  | Identified the ring of Wonder {rPois rC+ AC+4 Stlth+} (You
                  | found it on level 5 of the Pits of Slime)
 88293 | Pan      | Entered Pandemonium
 89338 | Pan      | Killed from afar by a Brimstone Fiend

Illustrated notes

Levels and vault maps discovered:
D:1:      dpeg_arrival_rhombus, layout_basic
D:2:      layout_basic, kiku_gazebo_garden_becter, minivault_23,
          minmay_worlds_worst_comb, uniq_jessica
D:3:      layout_basic, overflow_temple_1_default
D:4:      kennysheep_big_flooded_room, layout_loops_ring, enter_ossuary_2,
          uniq_menkaure
D:5:      layout_basic, serial_shops, nicolae_shop_behind_doors,
          nicolae_shop_stone, nicolae_shop_behind_doors, shop_fountains,
          kennysheep_generic_room_13, uniq_prince_ribbit1, uniq_edmund,
          uniq_grinder
D:6:      minmay_cornered_nines, layout_basic, tgw_sif
D:7:      layout_rooms, minmay_temple_entry_enclosed_plants, minmay_ruffians,
          uniq_pikel
D:8:      layout_basic, grunt_temple_overflow_open
D:9:      wad_lake_hut, layout_basic, serial_curves, eino_curves_01,
          eino_curves_03, eino_curves_04, serial_shops,
          nicolae_shop_window_shopping, kennysheep_little_box
D:10:     layout_basic, serial_shops, shop, enter_bailey_5
D:11:     minmay_statue_hallways, layout_basic, david_lair_generic,
          chequers_garden, kennysheep_just_a_vault, uniq_fannar, uniq_sonja,
          uniq_erica
D:12:     layout_loops_ring, orc_0_dummy, lemuel_mausoleum_altar_yredelemnul
D:13:     minmay_guarded_unrand_sword_of_power, layout_loops_cross,
          lemuel_hellish_altar
D:14:     layout_loops_ring, david_vaults_1, serial_shops, shop,
          minmay_hedge_maze
D:15:     grunt_enter_depths_snipers, layout_long_grid, corexii_hall_statues_t,
          hangedman_abyss_or_decor_stabs, guppyfry_shop_venom
Temple:   eino_temple_rhombus
Lair:1:   layout_layer_cave, nicolae_volcano_entry_hallway, basic_altar,
          chequers_serial_rivers_micro_a, uniq_harold
Lair:2:   regret_index_tunnel_blossom, layout_gridlike,
          infiniplex_staircase_pool_2
Lair:3:   layout_loops_ring, swamp_mist_pool, minivault_27, disabler_island,
          uniq_rupert
Lair:4:   layout_regular_city, guppyfry_snake_entry_garden, serial_bayou_shore_a
Lair:5:   layout_roguey, basic_altar, amcnicky_altar_gilded,
          minmay_lair_oklob_chamber, uniq_snorg
Lair:6:   guppyfry_lair_end_dragon, layout_misc_corridors, slime_altar_1,
          ebering_ghost_disaster_area
Swamp:1:  layout_basic_swamp, evilmike_swamp_ruin_rubble_2, uniq_roxanne,
          uniq_frances
Swamp:2:  layout_basic_swamp, evilmike_swamp_ruin_house_1, st_swamp_mini
Swamp:3:  layout_basic_swamp, gammafunk_ghost_cemetery,
          evilmike_swamp_ruin_house_5, nicolae_swamp_very_dense_foliage,
          infiniplex_staircase_pool
Swamp:4:  swamp, layout_basic_swamp
Snake:1:  layout_cave_pods, drop_trap, lemuel_fruit_tree, grunt_megastairs_1
Snake:2:  layout_layer_cave, minmay_shop_grove, uniq_aizul
Snake:3:  nicolae_snake_hallway, layout_cave_town, serial_shops, shop
Snake:4:  snake_pit, layout_layer_cave, nrook_guardian_serpent_ordinary,
          uniq_bai_suzhen
Slime:1:  layout_caves
Slime:2:  layout_caves
Slime:3:  layout_caves
Slime:4:  layout_caves
Slime:5
Orc:1:    layout_caves, serial_shops, shop, shop, shop_fountains, uniq_gastronok
Orc:2:    st_orc_town, layout_diamond_mine, basic_altar, uniq_donald
Elf:1:    layout_geoelf_diagonals, minmay_elf_crystal_hexagon, minmay_shoptagon
Elf:2:    layout_rooms, serial_shops, shop, nicolae_shop_statue_plus,
          minmay_misc_feat_cross, grunt_megastairs_3, uniq_agnes
Elf:3:    elf_hall_gauntlet_wide, layout_geoelf_grid, serial_shops,
          shop_fountains, serial_sigils, serial_sigils_hangedman_carve,
          serial_sigils_hangedman_quiver, serial_sigils_hangedman_clutch,
          serial_sigils_hangedman_stare
Vaults:1: nicolae_vaults_network_quincunx
          [nicolae_vaults_network_quincunx_subvault,
          nicolae_vaults_network_quincunx_subvault,
          nicolae_vaults_network_quincunx_subvault,
          nicolae_vaults_network_quincunx_subvault,
          nicolae_vaults_network_quincunx_subvault],
          ontoclasm_vaults_loading_screen, vaults_mumra_chevron,
          nicolae_vaults_big_ls, hangedman_vaults_hat, vaults_room_pools,
          hangedman_vaults_maws, layout_vaults_chaotic_city
Vaults:2: advil_vaults_ghost_lines, v_misc_29,
          minmay_crypt_entry_skeletal_spiral, v_misc_25, vaults_dpeg_hooks,
          layout_vaults_quadrants, basic_altar
Vaults:3: vaults_room_guarded_vault, v_misc_22, ontoclasm_vaults_chip,
          nicolae_vaults_rhombus_7, nicolae_vaults_little_squares_4,
          nicolae_vaults_three_branches, hangedman_vaults_river_flow,
          vaults_room_large_hall, grunt_vaults_hallway_short, vaults_dpeg_ring,
          v_misc_10, layout_vaults_omnicross
Vaults:4: ebering_vaults_ghost_reflecting_pool, nicolae_vaults_little_squares_2,
          grunt_vaults_hallway_short, v_misc_13, v_misc_30,
          nicolae_vaults_network_square, nicolae_vaults_twisting_passages,
          vaults_room_corners, st_cross, ontoclasm_vaults_ring_square,
          v_alt_pattern_2, ontoclasm_vaults_chip, vaults_room_pool,
          layout_vaults_ring, serial_shops, shop_fountains, uniq_jory,
          uniq_margery, uniq_boris
Vaults:5
Crypt:1:  layout_regular_city, grunt_crypt_arrival_webbed, grunt_megastairs_4
Crypt:2:  layout_rooms
Crypt:3:  quadcrypt_mu
Depths:1: layout_big_octagon, ebering_ghost_xom, serial_column_ruins,
          column_ruins_columns_straight, column_ruins_open_tiny,
          column_ruins_open_tiny, hellmouth_1, minmay_orc_keep,
          grunt_megastairs_2
Depths:2: grunt_deathspiral_small, layout_cave_pools, minmay_room_of_horrors,
          serial_sigils_hangedman_quiver, hell_entry
Depths:3: cross_vault, layout_cave_pools, infiniplex_staircase_spiral_double,
          serial_shops, bzr_entry_customers, pan_entry, hell_entry,
          grunt_decor_fettered, minmay_checkered_concentric_circles
Depths:4: minmay_the_grid_octo_2x2 [minmay_the_grid_octo_checkered,
          minmay_the_grid_octo_toaster, minmay_the_grid_octo_fan_narrow,
          minmay_the_grid_octo_prize_star], layout_honeycomb, dk_noncrumbling_2,
          rand_demon_pan_entry_3, nicolae_abyss_entry_one_way_or_another,
          serial_shops, shop, shop, nicolae_shop_trees, hell_entry,
          fountainhead, minmay_mirror_moons_of_madness,
          infiniplex_staircase_zigzag_2
Depths:5: grunt_zot_entry_funnels, layout_gridlike, enter_ziggurat_b,
          hell_entry, serial_bayou_lagoon_a, corexii_corridor_pit,
          serial_bayou_shore_b
Hell
Zot:1:    layout_gridlike
Zot:2:    minmay_elemental_castle, layout_basic, zot_minivault_5
Zot:3:    kennysheep_oblong_rooms, layout_gridlike
Zot:4:    layout_misc_corridors
Zot:5:    layout_twisted_circle, st_stairs_4
Pan:      lemuel_hall_of_pain, layout_chambers

Skill      XL: |  1  2  3  4  5  6  7  8  9 10 11 12 13 14 15 16 17 18 19 20 21 22 23 24 25 26 27 |
---------------+----------------------------------------------------------------------------------+-----
Fighting       | 4 5 7 11 14 15 16 18 19 20 22 24 25 | 25.0
Shields        | 4 5 6 9 11 12 15 16 17 19 21 | 21.2
Maces & Flails | 3 4 5 7 10 12 14 15 16 17 18 20 25 | 25.0
Throwing       | 3 6 8 10 11 14 15 20 | 20.8
Invocations    | 5 7 9 10 12 13 15 21 | 21.2
Armour         | 9 10 11 14 15 16 18 19 20 | 20.0
Evocations     | 3 5 7 10 19 | 19.5
Dodging        | 1 4 6 8 10 11 | 11.9

Action                   |  1- 3 |  4- 6 |  7- 9 | 10-12 | 13-15 | 16-18 | 19-21 | 22-24 | 25-27 || total
-------------------------+-------+-------+-------+-------+-------+-------+-------+-------+-------++-------
Melee: Flail             |    99 |   188 |   444 |       |    85 |   717 |       |       |       ||  1533
       Whip              |       |       |     9 |   923 |  3104 |       |       |       |       ||  4036
       Headbutt          |       |       |       |       |   740 |   675 |   642 |       |  1483 ||  3540
       Demon whip        |       |       |       |       |       |  1867 |   702 |   805 |       ||  3374
       Morningstar       |       |       |       |       |       |   168 |  2515 |   925 |  4417 ||  8025
       Eveningstar       |       |       |       |       |       |       |       |   339 |  2442 ||  2781
Throw: Dart              |    11 |     4 |    48 |    49 |       |       |       |       |       ||   112
       Javelin           |       |       |       |       |       |       |     4 |       |   122 ||   126
Invok: Finesse           |       |       |       |     2 |    15 |     7 |    16 |    14 |    12 ||    66
       Heroism           |       |       |       |     1 |     9 |     4 |    10 |     8 |     4 ||    36
       Vitalisation      |       |       |       |       |       |       |       |       |    11 ||    11
       Recite            |       |       |       |       |       |       |       |       |     9 ||     9
       Sanctuary         |       |       |       |       |       |       |       |       |     1 ||     1
 Abil: Fly               |       |       |       |       |     1 |       |       |     1 |     3 ||     5
       Stop Flying       |       |       |       |       |       |       |       |     1 |     4 ||     5
Evoke: Wand              |       |       |       |    10 |       |       |       |       |     2 ||    12
       Condenser vane    |       |       |       |       |       |       |       |     3 |       ||     3
       Tin of tremorston |       |       |       |       |       |       |       |     2 |     2 ||     4
       Phantom mirror    |       |       |       |       |       |       |       |       |     1 ||     1
  Use: Scroll            |       |     3 |     4 |    15 |    14 |     6 |    12 |    23 |    37 ||   114
       Potion            |       |     1 |       |     2 |     6 |     3 |    20 |       |    22 ||    54
 Stab: Confused          |       |       |       |       |     2 |       |       |       |     3 ||     5
       Petrified         |       |       |       |       |    14 |       |       |       |       ||    14
       Invisible         |       |       |       |       |       |       |       |     3 |     4 ||     7
       Distracted        |       |       |       |       |       |       |       |       |     2 ||     2
       Paralysed         |       |       |       |       |       |       |       |       |     1 ||     1
Armor: Scale mail        |    54 |    78 |   170 |       |       |       |       |       |       ||   302
       Chain mail        |       |       |   124 |    22 |       |       |       |       |       ||   146
       Plate armour      |       |       |       |   108 |       |       |   797 |   863 |  3055 ||  4823
       Crystal plate arm |       |       |       |   154 |   894 |  1122 |   474 |       |       ||  2644
Dodge: Dodged            |    32 |    55 |   137 |    70 |   192 |   327 |   766 |   534 |  2086 ||  4199
Block: Kite shield       |    51 |   116 |   464 |   483 |  1886 |  2300 |  2514 |  1513 |  7737 || 17064
       Reflection        |       |       |     4 |    57 |    10 |   160 |   104 |    74 |   179 ||   588
